 Dungeon Crawl Stone Soup version 0.19-a0-905-ge5e6a15 (webtiles) character file.

1218 Duffy the Grappler (level 8, -6/49 HPs)
             Began as a Gargoyle Transmuter on July 5, 2016.
             Was an Initiate of Cheibriados.
             Mangled by an orc warrior
             ... wielding a +0 long sword
              (16 damage)
             ... on level 6 of the Dungeon.
             The game lasted 00:07:03 (6711 turns).

Duffy the Grappler (Gargoyle Transmuter)            Turns: 6711, Time: 00:07:03

Health: -6/49      AC: 13    Str: 16      XL:     8   Next: 46%
Magic:  20/20      EV:  9    Int: 16      God:    Cheibriados [......]
Gold:   277        SH:  0    Dex: 10 (11) Spells: 3 memorised, 5 levels left

rFire  + + .     SeeInvis .     i - +0 dagger (venom)
rCold  x . .     Gourm    .     p - +0 fire dragon armour "Doqaff" {rPois rF++ rC- MR- Regen+ Slay+5} (curse)
rNeg   + . .     Faith    .     (no shield)
rPois  ∞         Spirit   .     (no helmet)
rElec  +         Dismiss  .     (no cloak)
rCorr  .         Reflect  .     (no gloves)
SustAt .         Harm     .     (no boots)
MR     .....                    (no amulet)
Stlth  ..........               (no ring)
                                e - ring of magical power

@: slowed, very slow, not resistant to hostile enchantments, extremely
unstealthy
A: negative energy resistance 1, electricity resistance, unbreathing,
petrification resistance, rot immunity, AC +5
a: Bend Time, Renounce Religion


You were on level 6 of the Dungeon.
You worshipped Cheibriados.
Cheibriados was noncommittal.
You were not hungry.

You visited 2 branches of the dungeon, and saw 7 of its levels.

You collected 277 gold pieces.


Innate Abilities, Weirdness & Mutations

You are resistant to torment.
Your stone body is resilient. (AC +5)
You are immune to poison.
You resist negative energy. (rN+)
You are resistant to electric shocks. (rElec)
You can survive without breathing.
You are immune to petrification.
You are immune to rotting.


   Skills:
 - Level 5.0 Fighting
 + Level 3.0 Dodging
 + Level 8.3 Unarmed Combat
 - Level 2.0 Spellcasting
 - Level 2.0 Transmutations
 - Level 2.0 Poison Magic


You had 5 spell levels left.
You knew the following spells:

 Your Spells              Type           Power        Failure   Level  Hunger
a - Spider Form           Tmut/Pois      #.........   96%         3    ###....
b - Sticks to Snakes      Tmut           #.......     73%         2    ###....
c - Beastly Appendage     Tmut           #.....       47%         1    #......

Inventory:

Hand Weapons
 i - a +0 dagger of venom (weapon)
Missiles
 a - 65 arrows
Armour
 b - a +0 robe
 p - the cursed +0 fire dragon armour "Doqaff" (worn) {rPois rF++ rC- MR- Regen+ Slay+5}

   It affects your accuracy and damage with ranged weapons and melee attacks
   (+5).
   It greatly protects you from fire.
   It makes you vulnerable to cold.
   It protects you from poison.
   It affects your resistance to hostile enchantments.
   It increases your rate of regeneration.
   It has a curse placed upon it.
 t - a +2 ring mail of poison resistance
Jewellery
 e - a ring of magical power (left hand)
Wands
 q - a wand of iceblast (8/15)
 v - a wand of lightning (7/15)
Scrolls
 f - a scroll of noise {unknown}
 m - 2 scrolls of identify {unknown}
 n - a scroll of enchant weapon {unknown}
 s - a scroll of enchant armour {unknown}
 u - a scroll of remove curse
 w - 2 scrolls of recharging {unknown}
 x - a scroll of teleportation {unknown}
 y - a scroll of fear {unknown}
 A - a scroll of fog {unknown}
Potions
 g - 2 potions of agility {unknown}
 h - 3 potions of cancellation {unknown}
 j - a potion of cure mutation {unknown}
 k - 2 potions of curing {unknown}
 l - a potion of degeneration {unknown}
 o - a potion of might {unknown}
 r - a potion of brilliance {unknown}
Books
 c - a book of Changes
Comestibles
 d - 4 bread rations
 z - a chunk of flesh

Dungeon Overview and Level Annotations

Branches:
Dungeon (6/15)             Temple (1/1) D:6

Altars:
Cheibriados
Dithmenos
Elyvilon
Fedhas
Gozag
Hepliaklqana
Kikubaaqudgha
Makhleb
Nemelex Xobeh
Okawaru
Pakellas
Qazlal
Ru
Sif Muna
Trog
Uskayaw
Vehumet
Xom
Yredelemnul
Zin
The Shining One

Shops:
D:2 *

Annotations:
D:3 hypermopl's ghost, weakling TeFE


Message History

You feel your dexterity returning.
The orc warrior hits you with a long sword!
The orc wizard hits you but does no damage.
You hit the orc warrior but do no damage.
The orc warrior is poisoned.
The orc warrior barely misses you. The orc hits you but does no damage.
The orc wizard casts a spell.
The orc wizard seems to speed up.
You barely miss the orc warrior.
The orc wizard gestures wildly while chanting.
The orc wizard blinks!
The orc warrior hits you with a long sword.
The orc barely misses you.
The orc wizard hits you from afar with a halberd.
The orc hits you but does no damage.
The orc warrior hits you but does no damage.
You hit the orc warrior.
The orc warrior is lightly wounded.
The orc wizard mumbles some strange words.
The orc wizard blinks!
The orc hits you but does no damage.
The orc warrior hits you with a long sword!
You are too injured to fight recklessly!
You are too injured to fight recklessly!
You are too injured to fight recklessly!
You are too injured to fight recklessly!
You are too injured to fight recklessly!
You are too injured to fight recklessly!
You are too injured to fight recklessly!
You are too injured to fight recklessly!
You are too injured to fight recklessly!
You are too injured to fight recklessly!
You are too injured to fight recklessly!
You are too injured to fight recklessly!
You are too injured to fight recklessly!
You are too injured to fight recklessly!
You are too injured to fight recklessly!
You are too injured to fight recklessly!
You are too injured to fight recklessly!
You closely miss the orc warrior.
You punch the orc warrior, but do no damage.
The orc warrior is moderately wounded.
The orc warrior looks more healthy.
The orc hits you but does no damage.
The orc warrior hits you with a long sword!
The orc barely misses you.
The orc wizard hits you from afar with a halberd.
You hit the orc warrior.
The orc warrior is poisoned.
The orc warrior is heavily wounded.
The orc wizard hits you but does no damage.
The orc warrior hits you with a long sword!
You die...

#........#####.##...##.......
#........##.............#####
#........##...0.~............
#......)))#...~~~........####
#......)..#...~0#++##~...#
####...##..(.~~#~~~~0~..##
#...####....#~.>~#00~#
#..>####(...#~}_~#000#
#........@~.#~~~~#0.0#
#...###.oo~~# ###.... #....
##..o~0~0 ..... #....
#....0........#. ####.
#.............# ##..######
#.## ..#


You could see an orc warrior, an orc wizard and an orc.

Action                   |  1- 3 |  4- 6 |  7- 9 || total
-------------------------+-------+-------+-------++-------
Melee: Unarmed           |   168 |    40 |    48 ||   256
       Dagger            |       |    69 |   154 ||   223
       Punch             |       |     3 |     8 ||    11
 Cast: Spider Form       |       |     4 |     8 ||    12
  Use: Scroll            |     2 |       |       ||     2
 Stab: Sleeping          |       |     1 |       ||     1
  Eat: Bread ration      |     1 |       |       ||     1
       Chunk             |       |     6 |    10 ||    16
Armor: Robe              |    48 |    16 |    45 ||   109
       Skin              |       |       |     1 ||     1
       Fire dragon armou |       |       |    53 ||    53
Dodge: Dodged            |    99 |    53 |   180 ||   332

Notes
Turn   | Place    | Note
-------+----------+-------------------------------------------
     0 | D:1      | Duffy the Gargoyle Transmuter began the quest for the Orb.
     0 | D:1      | Reached XP level 1. HP: 12/12 MP: 3/3
   410 | D:1      | Reached XP level 2. HP: 13/16 MP: 5/5
   470 | D:1      | Learned a level 2 spell: Sticks to Snakes
   719 | D:1      | Reached skill level 2 in Transmutations
  1004 | D:1      | Reached XP level 3. HP: 20/20 MP: 6/6
  1013 | D:1      | Learned a level 3 spell: Spider Form
  1687 | D:2      | Reached skill level 1 in Poison Magic
  1915 | D:2      | Reached skill level 4 in Unarmed Combat
  2068 | D:2      | Reached XP level 4. HP: 19/25 MP: 7/7
  2257 | D:2      | Found Zin's Purification Station.
  2261 | D:2      | Found a glowing silver altar of Zin.
  2860 | D:3      | Noticed hypermopl's ghost (weakling TeFE)
  3038 | D:3      | Reached skill level 2 in Poison Magic
  3267 | D:3      | Found an iron altar of Okawaru.
  3410 | D:4      | Noticed an ogre
  3424 | D:4      | Killed an ogre
  3424 | D:4      | Reached skill level 2 in Fighting
  3424 | D:4      | Reached XP level 5. HP: 31/31 MP: 8/8
  3489 | D:4      | Got a brightly glowing fire dragon armour
  3497 | D:4      | Reached skill level 5 in Unarmed Combat
  3576 | D:4      | Reached XP level 6. HP: 32/36 MP: 9/9
  3743 | D:4      | Reached skill level 2 in Dodging
  3904 | D:4      | Noticed Sigmund
  3925 | D:4      | Killed Sigmund
  3925 | D:4      | Reached skill level 6 in Unarmed Combat
  3925 | D:4      | Reached XP level 7. HP: 39/40 MP: 10/10
  4430 | D:5      | Entered Level 5 of the Dungeon
  4571 | D:5      | Reached skill level 3 in Fighting
  4596 | D:4      | Reached skill level 7 in Unarmed Combat
  5350 | D:5      | Reached skill level 4 in Fighting
  5897 | D:5      | Reached XP level 8. HP: 47/48 MP: 11/11
  6338 | D:5      | Reached skill level 5 in Fighting
  6425 | D:6      | Found a staircase to the Ecumenical Temple.
  6449 | Temple   | Entered the Ecumenical Temple
  6523 | Temple   | Became a worshipper of Cheibriados the Contemplative
  6543 | Temple   | Identified the cursed +0 fire dragon armour "Doqaff" {rPois rF++ rC- MR- Regen+ Slay+5} (You found it on level 4 of the Dungeon)
  6600 | D:6      | Reached skill level 8 in Unarmed Combat
  6633 | D:6      | Found a stormy altar of Qazlal.
  6706 | D:6      | Reached skill level 3 in Dodging
  6711 | D:6      | Mangled by an orc warrior

Skill      XL: |  1  2  3  4  5  6  7  8 |
---------------+-------------------------+-----
Transmutations | 2 |  2.0
Poison Magic   | 1 2 |  2.0
Unarmed Combat | 4 5 6 7 8 |  8.3
Fighting       | 2 4 5 |  5.0
Dodging        | 2 3 |  3.0
Spellcasting   | |  2.0

Vault maps used:
D:1:      mrwooster_arrival_statue
D:2:      zin_purify
D:3:      lemuel_crystal_altar, first_bread, elyvilon_altar_3
D:4:      uniq_sigmund
D:5:      uniq_blork_the_orc
D:6:      nicolae_qazlal_general_emergency
Temple:   compressed_dpeg_circular_temple

Vanquished Creatures
  Sigmund
  A sky beast
  An ice beast
  An ogre
  A centaur
  A crimson imp
  A quasit
  A hound
  2 orc priests
  A giant frog skeleton
  A centaur skeleton
  A gnoll shaman
  An orc wizard
  7 worker ants
  A hound zombie
  A hound skeleton
  10 gnolls
  5 adders
  2 oozes
  An adder skeleton
  2 worms
  2 dart slugs
  3 giant geckos
  12 orcs
  7 giant cockroaches
  6 goblins
  6 hobgoblins
  12 jackals
  2 quokkas
  A ball python
  3 bats
  3 giant newts
  4 kobolds
  A quokka zombie
  5 rats
110 creatures vanquished.
